Description

cool

Build Order

Get SALT Encoding   

  1  0:02  Probe  
  1  0:13  Probe  
  1  0:20  Pylon  
  1  0:36  Probe (Chrono Boost)  
  1  0:41  Gateway  
  1  0:49  Assimilator  
  1  0:57  Assimilator  
  1  0:54  Probe  
  1  1:05  Probe  
  1  1:07  Gateway  Scout
  1  1:28  Cybernetics Core  
  1  1:36  Pylon  
  1  2:03  Stalker (Chrono Boost)  
  1  2:04  Sentry (Chrono Boost)  
  1  2:06  Warp Gate  Upgraide
  1  2:21  Pylon  Down
  1  2:33  Stalker x2  
  1  2:55  Nexus  
  1  3:07  Scout  Spam alucination
  1  3:15  Robotics Facility  
  1  3:25  Pylon  
  1  3:37  Twilight Council  
  1  3:38  Gateway  
  1  3:54  Forge  
  1  4:02  Observer (Chrono Boost)  
  1  4:31  Pylon  
  1  4:32  Observer (Chrono Boost)  Plus +1 Uprgade dauer Crono
  1  4:41  Assimilator x2  
  1  4:49  Pylon  
  1  4:53  Immortal (Chrono Boost)  
  1  5:09  Pylon  For dropps
  1  5:23  Immortal  
  1  5:30  Gateway x4  
  1  5:45  Templar Archives  
  1  5:55  Gateway  
  1  5:56  Pylon  
  1  6:00  Protoss Air Weapons Level 2 (Chrono Boost)  
  1  6:10  Immortal  
  1  6:24  High Templar x2  Into Archon
  1  6:31  Nexus  
  1  6:34  Pylon x2  
  1  6:50  Immortal  
  1  6:55  Pylon x2  Random on the map
  1  7:04  High Templar x2  Into Archon
  1  7:23  Photon Cannon x3  
  1  7:25  Warp Prism  
  1  7:32  Archon  
  1  7:45  Assimilator x2  
  1  7:50  Archon  Zealtor
Spawning Tool Build Advisor. Get it on Overwolf

Analysis

cool

Go to:

Details

  • Created by: bazookaX
  • Published on: May 20, 2019
  • Modified on: Jun 13, 2019
  • Patch: 4.7.1
Show
View Real Time Build Order
Export as new Build Order

Comments (0)

There are no comments. Be the first!

Create an account to comment!